 Dungeon Sprint DCSS version 0.29.1-2-gbd0b4ee654 (webtiles) character file.

Game seed: 14375992433463029794

649 Groucho the Grappler (level 7, -6/57 HPs)
             Began as a Gnoll Wanderer on Oct 27, 2022.
             Was an Initiate of Gozag.
             Mangled by a boulder beetle (14 damage)
             ... in the Dungeon (Sprint VII: "The Pits").
             The game lasted 00:05:38 (2222 turns).

Groucho the Grappler (Gnoll Wanderer)               Turns: 2222, Time: 00:05:38

Health: -6/57      AC:  5    Str: 17    XL:     7   Next: 53%
Magic:  15/15      EV: 14    Int:  9    God:    Gozag
Gold:   1467       SH:  0    Dex: 10    Spells: 17/17 levels left

rFire   . . .      SeeInvis .   l - +1 quarterstaff (speed)
rCold   . . .      Faith    .   (shield currently unavailable)
rNeg    . . .      Spirit   .   f - +0 leather armour
rPois   .          Reflect  .   (no helmet)
rElec   .          Harm     .   d - +0 cloak
rCorr   .          Rampage  .   (no gloves)
Will    .....      NoTele   +   (no boots)
Stlth   +++.......              (no amulet)
HPRegen 0.19/turn               (no ring)
MPRegen 0.14/turn               (no ring)

@: on berserk cooldown, slowed, invisible, very slow
A: fangs 1, strong nose, distributed training
a: Renounce Religion, Potion Petition, Call Merchant, Bribe Branch


You were in the Dungeon.
You worshipped Gozag.
Gozag was most pleased with you.
You visited 1 branch You collected 1467 gold pieces.

Inventory:

Hand Weapons
 a - a +0 long sword of flaming
 l - a +1 quarterstaff of speed (weapon)
 m - a +2 quarterstaff
 p - a +0 shortbow
Missiles
 o - 7 poisoned darts
 s - 10 stones (quivered)
Armour
 d - a +0 cloak (worn)
 f - a +0 leather armour (worn)
 n - a +2 plate armour
Scrolls
 b - 2 scrolls of summoning
 c - 2 scrolls of blinking
 e - 3 scrolls of vulnerability
 r - 5 scrolls of amnesia
Potions
 g - 5 potions of curing
 h - a potion of heal wounds
 i - a potion of haste
 j - 4 potions of magic
 k - 2 potions of berserk rage
 q - a potion of invisibility


   Skills:
 + Level 5.8 Fighting
 + Level 5.8 Short Blades
 + Level 5.8 Long Blades
 + Level 5.8 Axes
 + Level 8.9 Maces & Flails
 + Level 5.8 Polearms
 + Level 5.8 Staves
 + Level 5.8 Ranged Weapons
 + Level 5.8 Throwing
 + Level 6.4 Armour
 + Level 7.5 Dodging
 + Level 6.3 Stealth
 + Level 5.8 Shields
 + Level 8.9 Unarmed Combat
 + Level 5.8 Spellcasting
 + Level 4.8 Conjurations
 + Level 4.8 Hexes
 + Level 4.8 Summonings
 + Level 4.8 Necromancy
 + Level 4.8 Translocations
 + Level 4.8 Transmutations
 + Level 4.8 Fire Magic
 + Level 4.8 Ice Magic
 + Level 4.8 Air Magic
 + Level 4.8 Earth Magic
 + Level 4.8 Poison Magic
 + Level 6.4 Invocations
 + Level 5.8 Evocations


You had 17 spell levels left.
You didn't know any spells.
Your spell library was empty.

Dungeon Overview and Level Annotations

Branches:
Dungeon (1/1)

Altars:
Ashenzari
Cheibriados
Dithmenos
Elyvilon
Fedhas
Gozag
Hepliaklqana
Kikubaaqudgha
Makhleb
Nemelex Xobeh
Okawaru
Qazlal
Ru
Sif Muna
Trog
Uskayaw
Vehumet
Wu Jian
Xom
Yredelemnul
Zin
The Shining One
Jiyva
Lugonu


Innate Abilities, Weirdness & Mutations

You have very sharp teeth.
Your uncanny sense of smell can sniff out nearby items.
Your experience applies equally to all skills.


Message History

The boulder beetle misses you.
You hit the boulder beetle but do no damage.
The boulder beetle is lightly wounded.
The boulder beetle closely misses you.
You hit the boulder beetle but do no damage.
You bite the boulder beetle, but do no damage.
The boulder beetle is lightly wounded.
The boulder beetle misses you.
You hit the boulder beetle but do no damage.
The boulder beetle is lightly wounded.
The boulder beetle closely misses you.
You hit the boulder beetle.
You bite the boulder beetle, but do no damage.
The boulder beetle is lightly wounded.
The boulder beetle bites you.
You hit the boulder beetle but do no damage.
You bite the boulder beetle, but do no damage.
The boulder beetle is lightly wounded.
The boulder beetle bites you.
Unknown command.
You hit the boulder beetle.
The boulder beetle is lightly wounded.
The boulder beetle misses you.
You strike the helpless boulder beetle from behind!
You hit the boulder beetle but do no damage.
The boulder beetle is lightly wounded.
The boulder beetle misses you. The boulder beetle bites you.
There is an open door, spattered with blood here.
You see here 54 gold pieces.
You hit the boulder beetle but do no damage.
The boulder beetle is lightly wounded.
The boulder beetle bites you!!
Ouch! That really hurt!
* * * LOW HITPOINT WARNING * * *
You hit the boulder beetle.
You bite the boulder beetle, but do no damage.
The boulder beetle is lightly wounded.
The boulder beetle bites you!
You die...
Your body crumbles into a pile of gold.

#.#........##.......#
#.#####'#####...<...#
#.#..[)))..##.......#
#)#...)..).##.......#
#'###########.......#
#.......#..##########
#.......#$##
#.).#...#$# ∆∆∆∆
#..###..#@# ∆∆
#...#...#B+ ∆∆
#.......#'# ∆∆
#.......'.# ∆
###########


You could see a boulder beetle (unable to see you).

Vanquished Creatures
  A fire bat (D)
  A water moccasin (D)
  3 centaurs (D)
  A kobold brigand (D)
  An iron imp (D)
  A jelly (D)
  An adder (D)
  A gnoll (D)
  A river rat (D)
  An orc (D)
  A giant cockroach (D)
  A hobgoblin (D)
  10 jackals (D)
  A ball python (D)
  A ball python skeleton (D)
  A frilled lizard (D)
  A rat (D)
28 creatures vanquished.

Notes
Turn   | Place    | Note
-------+----------+-------------------------------------------
     0 | D        | Groucho the Gnoll Wanderer began the quest for the Orb.
     0 | D        | Groucho set off with the following items: a +0 mace, a
                  | scroll of summoning, 2 scrolls of blinking, a +0 cloak, a
                  | scroll of vulnerability, a +0 leather armour, a potion of
                  | curing, a potion of heal wounds, a potion of haste, 2
                  | potions of magic, a potion of berserk rage.
     0 | D        | Reached XP level 1. HP: 13/13 MP: 1/1
    19 | D        | Reached skill level 1 in Invocations
    24 | D        | Reached skill level 1 in Fighting
    24 | D        | Reached skill level 1 in Short Blades
    24 | D        | Reached skill level 1 in Long Blades
    24 | D        | Reached skill level 1 in Axes
    24 | D        | Reached skill level 1 in Polearms
    24 | D        | Reached skill level 1 in Staves
    24 | D        | Reached skill level 1 in Ranged Weapons
    24 | D        | Reached skill level 1 in Throwing
    24 | D        | Reached skill level 1 in Shields
    24 | D        | Reached skill level 1 in Spellcasting
    24 | D        | Reached skill level 1 in Evocations
   367 | D        | Found a bloodstained altar of Trog.
   367 | D        | Found a shimmering blue altar of Sif Muna.
   367 | D        | Found a viscous altar of Jiyva.
   367 | D        | Found a hazy altar of Hepliaklqana.
   367 | D        | Found an opulent altar of Gozag.
   368 | D        | Found a glowing golden altar of the Shining One.
   368 | D        | Found a glowing silver altar of Zin.
   368 | D        | Found a basalt altar of Yredelemnul.
   368 | D        | Found a shimmering altar of Xom.
   368 | D        | Found an ornate altar of the Wu Jian Council.
   368 | D        | Found a sacrificial altar of Ru.
   368 | D        | Found a stormy altar of Qazlal.
   368 | D        | Found an iron altar of Okawaru.
   368 | D        | Found a sparkling altar of Nemelex Xobeh.
   368 | D        | Found a burning altar of Makhleb.
   368 | D        | Found a blossoming altar of Fedhas.
   368 | D        | Found a white marble altar of Elyvilon.
   368 | D        | Found a shadowy altar of Dithmenos.
   368 | D        | Found a snail-covered altar of Cheibriados.
   370 | D        | Found a radiant altar of Vehumet.
   370 | D        | Found a corrupted altar of Lugonu.
   371 | D        | Found a hide-covered altar of Uskayaw.
   371 | D        | Found an ancient bone altar of Kikubaaqudgha.
   371 | D        | Found a broken altar of Ashenzari.
   383 | D        | Became a worshipper of Gozag Ym Sagoz the Greedy
   405 | D        | Reached XP level 2. HP: 21/21 MP: 3/3
   407 | D        | Reached skill level 1 in Conjurations
   407 | D        | Reached skill level 1 in Hexes
   407 | D        | Reached skill level 1 in Summonings
   407 | D        | Reached skill level 1 in Necromancy
   407 | D        | Reached skill level 1 in Translocations
   407 | D        | Reached skill level 1 in Transmutations
   407 | D        | Reached skill level 1 in Fire Magic
   407 | D        | Reached skill level 1 in Ice Magic
   407 | D        | Reached skill level 1 in Air Magic
   407 | D        | Reached skill level 1 in Earth Magic
   407 | D        | Reached skill level 1 in Poison Magic
   421 | D        | Reached XP level 3. HP: 13/27 MP: 5/5
   424 | D        | Reached skill level 5 in Dodging
   873 | D        | Noticed a kobold brigand
   905 | D        | Killed a kobold brigand
   906 | D        | Reached XP level 4. HP: 24/35 MP: 6/8
  1173 | D        | Noticed a centaur
  1173 | D        | Noticed a centaur
  1187 | D        | Reached XP level 5. HP: 20/41 MP: 8/10
  1195 | D        | Killed a centaur
  1196 | D        | Reached skill level 5 in Armour
  1203 | D        | Reached skill level 5 in Stealth
  1203 | D        | Reached XP level 6. HP: 21/49 MP: 9/12
  1267 | D        | Reached skill level 5 in Invocations
  1277 | D        | Reached skill level 5 in Fighting
  1277 | D        | Reached skill level 5 in Short Blades
  1277 | D        | Reached skill level 5 in Long Blades
  1277 | D        | Reached skill level 5 in Axes
  1277 | D        | Reached skill level 5 in Polearms
  1277 | D        | Reached skill level 5 in Staves
  1277 | D        | Reached skill level 5 in Ranged Weapons
  1277 | D        | Reached skill level 5 in Throwing
  1277 | D        | Reached skill level 5 in Shields
  1277 | D        | Reached skill level 5 in Spellcasting
  1277 | D        | Reached skill level 5 in Evocations
  1667 | D        | Noticed a water moccasin
  1680 | D        | Killed a water moccasin
  1681 | D        | Reached XP level 7. HP: 6/56 MP: 13/15
  2178 | D        | Noticed a boulder beetle
  2190 | D        | Noticed a fire bat
  2192 | D        | Killed a fire bat
  2222 | D        | Mangled by a boulder beetle

Illustrated notes

Levels and vault maps discovered:
D:        pitsprint [storerooms_1, entrance_room_1, metal_vault_3, armoury_3,
          mini_pit_1, grid_room_1, main_hall_1, silver_pit, the_coven_3,
          the_vestibule_1, steel_vault_5, golden_pit, hallway_of_sentries,
          crystal_vault_3, iron_vault_3, final_vault]

Skill      XL: |  1  2  3  4  5  6 |
---------------+-------------------+-----
Invocations    | 1 2 3 4 6 |  6.4
Fighting       | 1 3 4 5 |  5.8
Short Blades   | 1 3 4 5 |  5.8
Long Blades    | 1 3 4 5 |  5.8
Axes           | 1 3 4 5 |  5.8
Polearms       | 1 3 4 5 |  5.8
Staves         | 1 3 4 5 |  5.8
Ranged Weapons | 1 3 4 5 |  5.8
Throwing       | 1 3 4 5 |  5.8
Shields        | 1 3 4 5 |  5.8
Spellcasting   | 1 3 4 5 |  5.8
Evocations     | 1 3 4 5 |  5.8
Conjurations   | 1 2 3 4 |  4.8
Hexes          | 1 2 3 4 |  4.8
Summonings     | 1 2 3 4 |  4.8
Necromancy     | 1 2 3 4 |  4.8
Translocations | 1 2 3 4 |  4.8
Transmutations | 1 2 3 4 |  4.8
Fire Magic     | 1 2 3 4 |  4.8
Ice Magic      | 1 2 3 4 |  4.8
Air Magic      | 1 2 3 4 |  4.8
Earth Magic    | 1 2 3 4 |  4.8
Poison Magic   | 1 2 3 4 |  4.8
Armour         | 3 4 5 6 |  6.4
Stealth        | 3 4 5 6 |  6.3
Dodging        | 5 6 7 |  7.5
Maces & Flails | 7 8 |  8.9
Unarmed Combat | 7 8 |  8.9

Action                   |  1- 3 |  4- 6 |  7- 9 || total
-------------------------+-------+-------+-------++-------
Melee: Mace              |    14 |       |       ||    14
       Quarterstaff      |    42 |    42 |    30 ||   114
       Bite              |     1 |     5 |     8 ||    14
 Fire: Shortbow          |       |     1 |       ||     1
  Use: Potion            |     2 |     2 |     4 ||     8
 Stab: Sleeping          |     1 |       |     1 ||     2
       Distracted        |     1 |       |       ||     1
       Invisible         |       |       |     1 ||     1
Armor: Leather armour    |    17 |    16 |       ||    33
Dodge: Dodged            |    35 |    29 |    20 ||    84
